 Dungeon Crawl Stone Soup version 0.18-a0-116-g2d311b1 (webtiles) character file.

104 Duffy the Cudgeler (level 5, 41/41 HPs)
             Began as a Formicid Abyssal Knight on Nov 16, 2015.
             Was a Believer of Lugonu.
             Quit the game on level 2 of the Dungeon.
             The game lasted 00:03:22 (1803 turns).

Duffy the Cudgeler (Formicid Abyssal Knight)        Turns: 1803, Time: 00:03:23

Health: 41/41      AC:  9    Str: 16    XL:     5   Next: 7%
Magic:  6/6        EV:  6    Int: 12    God:    Lugonu [**....]
Gold:   113        SH:  8    Dex: 11    Spells: 0 memorised, 4 levels left

rFire  . . .     SeeInvis +     a - +1 mace
rCold  . . .     Clarity  .     m - +0 scale mail
rNeg   . . .     SustAt   .     d - +0 shield
rPois  .         Gourm    .     (helmet unavailable)
rElec  .         Spirit   .     (no cloak)
rCorr  .         Warding  .     (no gloves)
rMut   .         Stasis   +     (no boots)
MR     .....                    (no amulet)
Stlth  ..........               (no ring)
                                r - +3 ring of protection

@: heavily drained, not resistant to hostile enchantments, extremely unstealthy
A: permanent stasis, dig shafts and tunnels, four strong arms, antennae 3
a: Dig, Shaft Self, Depart the Abyss, Bend Space, Renounce Religion


You were on level 2 of the Dungeon.
You worshipped Lugonu.
Lugonu was pleased with you.
You were not hungry.

You visited 1 branch of the dungeon, and saw 2 of its levels.
You visited the Abyss 1 time.

You collected 113 gold pieces.


Innate Abilities, Weirdness & Mutations

You are under a permanent stasis effect.
You can dig through walls and to a lower floor.
Your four strong arms can wield two-handed weapons with a shield.
You have a pair of large antennae on your head (SInv).


   Skills:
 - Level 3.2(1.4) Fighting
 + Level 3.6(1.7) Maces & Flails
 - Level 2.1(0.3) Armour
 - Level 0.8(0.0) Dodging
 + Level 3.5(1.6) Shields
 - Level 2.1(0.3) Invocations


You had 4 spell levels left.
You didn't know any spells.

Inventory:

Hand Weapons
 a - a +1 mace (weapon)
Missiles
 f - 130 stones (quivered)
Armour
 b - a +0 leather armour
 d - a +0 shield (worn)
 m - a +0 scale mail (worn)
Jewellery
 r - a +3 ring of protection (left hand)
Wands
 s - a wand of random effects (30)
Scrolls
 e - 2 scrolls of remove curse
 i - 2 scrolls of identify {unknown}
 k - a scroll of magic mapping {unknown}
 n - 2 scrolls of teleportation {unknown}
 o - a scroll of amnesia {unknown}
 q - a scroll of enchant armour {unknown}
Potions
 h - a potion of degeneration {unknown}
 l - a potion of curing {unknown}
 p - a potion of mutation {unknown}
 t - a potion of magic {unknown}
Comestibles
 c - a bread ration
 g - a beef jerky
 j - a royal jelly

Dungeon Overview and Level Annotations

Branches:
Dungeon (2/15)

Altars:


Message History

You sense a monster nearby.
f - 105 stones (gained 2)
f - 106 stones (gained 1)
f - 107 stones (gained 1)
A ball python comes into view.
A ball python is nearby!
You sock the ball python!
You kill the ball python!
Lugonu accepts your kill.
Found a ring mail.
You see here a ring mail.
You are feeling very hungry.
You sense a monster nearby.
A bat comes into view.
You see here a white potion.
A bat is nearby!
Your shield and scale mail prevent you from hitting the bat.
The bat barely misses you. The bat hits you but does no damage.
You block the bat's attack. x2
You sock the bat!
You kill the bat!
Lugonu accepts your kill.
You can now bend space around yourself.
You see here a bat corpse.
You butcher the bat corpse.
t - a chunk of flesh Eating a chunk of flesh.
This raw flesh tastes terrible.
You continue eating. x2
t - a white potion You enter a teleport trap!
The teleport trap disappears.
f - 130 stones (gained 23)
A kobold comes into view.
The kobold shouts!
A kobold is nearby!
A kobold is nearby!
Are you sure you want to abandon this character and quit the game? (Confirm with "yes".)

#.####............
#.#...............
#.#.##...>.#####.#
#.#.####.### #.#
#.#.####.# #.#
#.#.##...#######.#
#.#.#...).##......
#..........#......
#@.............###
#..............###
#.#.....#.........
#.##...###.#.....#
#.###.## ##.......
#.# ##.# #..#.....
#K# #.#..###....
#.# #... ....#
....# ...##


You could see a kobold.

Action                   |  1- 3 |  4- 6 || total
-------------------------+-------+-------++-------
Melee: Mace              |    60 |    51 ||   111
Throw: Stone             |    72 |    32 ||   104
Invok: Depart the Abyss  |     1 |       ||     1
 Abil: Dig               |     1 |       ||     1
  Use: Scroll            |       |     1 ||     1
  Eat: Chunk             |     1 |     2 ||     3

Notes
Turn   | Place    | Note
--------------------------------------------------------------
     0 | Abyss:1  | Duffy the Formicid Abyssal Knight began the quest for the Orb.
     0 | Abyss:1  | Reached XP level 1. HP: 18/18 MP: 2/2
    45 | Abyss:1  | Noticed a starcursed mass
    47 | D:1      | Escaped the Abyss
   105 | D:1      | Reached * piety under Lugonu
   121 | D:1      | Reached skill level 1 in Shields
   121 | D:1      | Reached XP level 2. HP: 21/24 MP: 3/3
   338 | D:1      | Reached skill level 2 in Shields
   655 | D:1      | Reached XP level 3. HP: 29/29 MP: 4/4
  1138 | D:2      | Noticed Jessica
  1154 | D:2      | Killed Jessica
  1154 | D:2      | Reached skill level 3 in Maces & Flails
  1154 | D:2      | Reached XP level 4. HP: 35/35 MP: 5/5
  1326 | D:2      | Reached skill level 3 in Shields
  1379 | D:2      | Noticed Ijyb
  1396 | D:2      | Killed Ijyb
  1447 | D:2      | Reached XP level 5. HP: 39/41 MP: 6/6
  1701 | D:2      | Reached ** piety under Lugonu
  1803 | D:2      | Quit the game

Vault maps used:
D:1:      minmay_arrival_stair_chambers
D:2:      uniq_iyjb, uniq_jessica
Abyss:1:  minivault_28

Vanquished Creatures
  Ijyb Jessica
  2 oozes
  A worm
  2 giant geckos
  A giant cockroach
  7 goblins
  5 hobgoblins
  A ball python
  4 bats
  4 giant newts
  2 jackals
  4 kobolds
  6 rats
41 creatures vanquished.
